 Dungeon Crawl Stone Soup version 0.14-a0-2443-g5aee772 (webtiles) character file.

274528 Deemzul the Warrior (level 20, -10/108 HPs)
             Began as a Vine Stalker Fighter on Feb 3, 2014.
             Was the Champion of Okawaru.
             Killed from afar by a quicksilver dragon (23 damage)
             ... with a bolt of dispelling energy
             ... on Level 3 of the Depths on Feb 5, 2014.
             The game lasted 02:27:55 (36252 turns).

Deemzul the Warrior (Vine Stalker Fighter)         Turns: 36252, Time: 02:27:55

HP -10/108       AC 28     Str 27 (30) XL: 20   Next: 60%
MP   0/36        EV  6     Int  4 (8)  God: Okawaru [******]
Gold 4403        SH 30     Dex 17      Spells:  0 memorised, 19 levels left

rFire  + + .     SeeInvis +     X - +4,+6 demon trident (elec)
rCold  + . .     Clarity  .     S - +1 plate armour {rF+}
rNeg   . . .     Conserve +     T - +0 shield {reflect}
rPois  +         rCorr    .     U - +1 orc helmet {SInv}
rElec  .         rRot     +     V - +2 cloak {rPois}
SustAb . .       Spirit   +     E - +1 pair of gloves {Str+3}
rMut   .         Warding  .     z - +0 pair of boots
Saprov . . .     Stasis   .     u - amulet of conservation
MR     ++...                    K - ring of Xom's Whimsicality {rF+ rC+ Stlth+}
                                J - ring of sustenance

@: very resistant to hostile enchantments, extremely unstealthy
A: fangs 3, large bone plates 1, deterioration 3, herbivore 1, frail 1,
regeneration 3, strong 1, magic shield, antimagic bite, no device heal
a: Heroism, Finesse, Renounce Religion
}: 1/15 runes: gossamer


You were on level 3 of the Depths.
You worshipped Okawaru.
Okawaru was exalted by your worship.
You were not hungry.

You visited 8 branches of the dungeon, and saw 41 of its levels.
You visited the Abyss 1 time.
You also visited: Labyrinth, Ice Cave and Volcano.

You collected 4403 gold pieces.

Inventory:

Hand weapons
 j - the +1 blowgun of Dithmengos' Fury {speed, rN+ MR+}
   (You found it on level 1 of the Depths)

   Attacks with this weapon are significantly faster, but cause slightly less
   damage.
   It protects you from negative energy.
   It affects your resistance to hostile enchantments.
 X - a +4,+6 demon trident of electrocution (weapon)
Missiles
 F - 7 curare-tipped needles
Armour
 l - a +2 ice dragon armour
 z - a +0 pair of boots (worn)
 E - a +1 pair of gloves of strength (worn)
 S - a +1 plate armour of fire resistance (worn)
 T - a +0 shield of reflection (worn)
 U - a +1 orcish helmet of see invisible (worn)
 V - a +2 cloak of poison resistance (worn)
Magical devices
 c - a wand of confusion (8)
 k - a wand of paralysis (5)
 v - a wand of disintegration (8)
 B - a wand of teleportation (2)
 C - a wand of cold (9)
 I - a wand of cold (6)
 N - a wand of teleportation (2)
 O - a wand of fireball (3)
 W - a wand of cold (5)
Comestibles
 d - 7 bread rations
 f - 4 meat rations
 R - 3 pieces of ambrosia
 Y - 4 honeycombs
Scrolls
 b - 3 scrolls of magic mapping
 i - 3 scrolls of fear
 p - 19 scrolls of identify
 r - 4 scrolls of enchant armour
 w - 6 scrolls of remove curse
 x - 6 scrolls of teleportation
 A - a scroll of amnesia
 D - 2 scrolls of recharging
 P - 4 scrolls of fog
Jewellery
 a - the ring of Vulyext {rC+ Str+4 Dex+3}
   (You found it on level 4 of the Lair of Beasts)

   [ring of protection from cold]

   It affects your strength (+4).
   It affects your dexterity (+3).
 m - an uncursed ring of see invisible
 t - the ring of Vitality {Regen HP+15}
   (You found it on level 7 of the Lair of Beasts)

   [ring of regeneration]

   It affects your health (+15).
 u - an amulet of conservation (around neck)
 y - an uncursed ring of flight
 G - an uncursed amulet of stasis
 H - an uncursed ring of invisibility
 J - a ring of sustenance (left hand)
 K - the ring of Xom's Whimsicality (right hand) {rF+ rC+ Stlth+}
   (You found it on level 3 of the Elven Halls)

   [ring of protection from cold]

   It protects you from fire.
   It makes you much more stealthy.
Potions
 e - 3 potions of restore abilities
 g - 15 potions of curing
 h - a potion of speed
 n - 4 potions of invisibility
 s - 2 potions of resistance
 M - 5 potions of might
 Q - 2 potions of agility
Miscellaneous
 o - a phial of floods (inert)
 q - a lamp of fire (inert)
Rods
 L - a +9 rod of venom (17/17)
   (You took it off a minotaur in a labyrinth)


   Skills:
 + Level 19.0 Fighting
 * Level 16.0 Polearms
 + Level 11.6 Armour
 + Level 12.7 Shields
 + Level 14.6 Evocations


You had 19 spell levels left.
You didn't know any spells.

Dungeon Overview and Level Annotations

Branches:
Dungeon (16/16)            Temple (1/1) D:4             Orc (4/4) D:11
    Elf (3/3) Orc:3          Lair (8/8) D:8          Shoals (1/5) Lair:5
 Spider (5/5) Lair:5        Slime (0/6) Lair:6       Depths (3/6) D:16
 Vaults: D:14-15

Altars:
Ashenzari
Cheibriados
Dithmengos
Elyvilon
Fedhas
Kikubaaqudgha
Makhleb
Nemelex Xobeh
Okawaru
Sif Muna
Trog
Vehumet
Xom
Yredelemnul
Zin
The Shining One

Shops:
Orc:4 [*(:   Depths:1 [:(=:   Depths:2 [

Portals:
Hell: Depths:1 Depths:2
Ziggurat: Depths:3
Trove: D:13 (give 8 potions of speed)


Innate Abilities, Weirdness & Mutations

You have razor-sharp teeth.
You regenerate.
When hurt, damage is shared between your health and your magic reserves.
Your bite disrupts and absorbs the magic of your enemies.
Potions and wands cannot restore your HP.
You are partially covered in large bone plates (AC +2, SH +2).
Your body is rapidly deteriorating.
You digest meat inefficiently.
You are frail (-10% HP).
Your muscles are strong. (Str +2)


Message History

The freezing wraith completely resists.
The blast of cold hits you! You resist.
* * * LOW HITPOINT WARNING * * *
The blue devil hits you but does no damage.
Read which item? (? for menu, Esc to quit)
Blink to where?
Press: ? - help, Dir - move target cursor
As you read the scroll of blinking, it crumbles to dust.
You are very lightly contaminated with residual magic.
The quicksilver dragon breathes energy at you.
Your +0 shield of reflection reflects the bolt of dispelling energy!
The bolt of dispelling energy misses the quicksilver dragon.
Things that are here:
an uncursed short sword; a robe; a scimitar; a flail Unknown command.
Unknown command.
There is a large open door here.
The quicksilver dragon breathes energy at you.
The bolt of dispelling energy hits you!
Your magical contamination has completely faded away.
You die...

### ##.# ##..#
#############
#####.8.###8#8#88##.#8##
#.......#(.............#
#.<....('.%)..D...W...[W
#.(....@'..(..4....D.§)Z
##.(.⌠...#..............#
##..(.....###8#8#88##8#8##
##.8.....>.# #############
#....(.....# ####
#####)(##### ####.E.
##....## #...iE. #8....8#
#.....E. ##....##
/........


You could see a quicksilver dragon and a blue devil.

Vanquished Creatures
  Norris (Elf:3)
  2 bone dragons (Abyss:1)
  Arachne (Spider:4)
  A Hell Sentinel (Abyss:1)
  2 liches (Abyss:1)
  2 deep elf blademasters (Elf:3)
  An Executioner (Abyss:1)
  3 deep elf master archers
  A tengu reaver (Depths:2)
  An ancient champion (Abyss:1)
  A fire giant (Depths:2)
  2 orc warlords (Orc:4)
  Maud (Spider:1)
  An iron dragon (Depths:2)
  3 ghost moths (Spider:5)
  3 deep elf sorcerers
  6 tentacled starspawn (Abyss:1)
  4 emperor scorpions (Spider:5)
  A balrug (Depths:3)
  7 stone giants
  5 deep elf demonologists (Elf:3)
  2 eidola (Abyss:1)
  9 deep elf annihilators
  5 dire elephants (Lair:8)
  A spriggan air mage (Depths:3)
  An ettin (D:16)
  3 deep elf death magi
  A siren (Shoals:1)
  5 fire dragons
  A minotaur (Lab)
  5 deep elf high priests
  2 jiangshi (Abyss:1)
  A ravenous feature mimic (Depths:3)
  3 yaktaur captains
  Fannar (D:12)
  Josephine (Orc:4)
  Nessos (Spider:2)
  7 hydras
  An alligator snapping turtle (Shoals:1)
  An anaconda (shapeshifter) (Abyss:1)
  9 ogre magi
  4 spriggan berserkers
  2 ice dragons
  An anaconda (Lair:8)
  4 deep troll earth magi
  2 tengu warriors
  14 death yaks
  4 centaur warriors
  A rakshasa (Abyss:1)
  5 sun demons
  A wretched star (Abyss:1)
  7 very ugly things
  A spectral elf (Elf:3)
  3 naga warriors
  7 deep troll shamans
  Urug (D:15)
  4 orc high priests
  3 thrashing horrors (Abyss:1)
  8 deep elf knights
  3 skeletal warriors
  6 large abominations (Abyss:1)
  13 hell knights
  An iron troll (Orc:4)
  A flayed ghost (Abyss:1)
  3 unseen horrors
  15 hill giants
  A swamp dragon (shapeshifter) (Depths:1)
  An ice statue (IceCv)
  A harpy (shapeshifter) (Depths:2)
  4 flaming corpses (Depths:3)
  A giant amoeba (D:15)
  A necromancer (Depths:1)
  4 orc knights
  A harpy (Shoals:1)
  Joseph (Orc:4)
  12 deep trolls
  26 wolf spiders
  4 griffons
  4 orc sorcerers (Orc:4)
  6 deep elf conjurers
  4 cyclopes
  The ghost of Misa the Skirmisher, an experienced GrBe of Trog (D:6)
  7 elephants
  A spiny worm (D:16)
  3 black mambas (Lair:7)
  3 red wasps
  Maurice (D:12)
  5 deep elf summoners
  6 spiny frogs
  A feature mimic (Lair:8)
  An item mimic (Spider:1)
  A yaktaur (shapeshifter) (D:15)
  A smoke demon (Abyss:1)
  2 orange demons
  A storm dragon simulacrum (Abyss:1)
  A fire drake (Lair:1)
  6 yaktaurs
  A centaur zombie (D:16)
  An efreet (Abyss:1)
  18 demonic crawlers
  The ghost of letownia the Firebug, an experienced DjFE (D:5)
  10 small abominations
  A mermaid (Shoals:1)
  4 raiju (Abyss:1)
  A formicid venom mage (Spider:1)
  11 deep elf priests
  11 orb spiders
  15 jumping spiders
  3 hydra zombies
  10 iron devils
  A tengu conjurer (Depths:1)
  7 trolls
  3 spriggans (Depths:3)
  5 red devils (Depths:3)
  An ancient zyme (Abyss:1)
  4 komodo dragons
  A queen bee (Spider:2)
  23 two-headed ogres
  2 polar bears (Lair:8)
  A raven (shapeshifter) (Depths:1)
  19 slime creatures
  A blue devil (Depths:3)
  5 naga magi
  13 blink frogs
  A raven (Depths:1)
  2 basilisks
  2 wraiths
  10 trapdoor spiders
  49 yaks
  2 starcursed masses (Abyss:1)
  4 formicids
  A ynoxinul (Abyss:1)
  A griffon skeleton (D:16)
  A grizzly bear (Depths:3)
  A shadow (D:16)
  A vampire (D:16)
  22 tarantellas
  12 hippogriffs
  A human (shapeshifter) (Elf:1)
  A steam dragon (Lair:5)
  2 hill giant zombies
  27 redbacks
  3 hungry ghosts
  An air elemental (Depths:3)
  A neqoxec (Abyss:1)
  Grum (Orc:4)
  14 deep elf magi
  8 vampire mosquitoes
  22 ugly things
  A manticore (Shoals:1)
  19 deep elf fighters
  2 wyverns (Lair:7)
  4 chaos spawn
  3 sharks (Lair:7)
  8 wolves
  11 porcupines
  Edmund (D:4)
  3 hell hounds
  A swamp drake (D:11)
  A human zombie (Depths:1)
  2 mottled dragons (D:16)
  A centaur simulacrum (D:16)
  2 freezing wraiths
  37 orc warriors
  2 necrophages
  A sky beast (D:11)
  A human (D:10)
  A yellow wasp (D:12)
  2 black bears
  11 ice beasts
  9 nagas
  3 phantoms
  5 giant goldfish
  35 ogres
  A fire dragon simulacrum (Abyss:1)
  20 centaurs
  A naga skeleton (Depths:1)
  21 giant frogs
  The ghost of letownia the Firebug, an average DjFE of Makhleb (D:3)
  5 crocodiles
  10 giant slugs
  6 wargs
  11 big kobolds
  A gnoll sergeant (D:7)
  Blork the orc (D:4)
  4 water moccasins
  3 brain worms
  4 agate snails
  A komodo dragon skeleton (D:15)
  2 eyes of draining
  4 electric eels
  26 killer bees
  A yak skeleton (D:7)
  3 jellyfish
  6 jellies
  Natasha (twice) (D:4)
  11 crimson imps
  4 goliath beetles
  9 wights
  A quasit (D:4)
  4 big fish
  A centaur skeleton (D:12)
  An iron imp (Abyss:1)
  A yellow wasp zombie (D:10)
  29 spiders
  12 worker ants
  A giant slug simulacrum (D:14)
  40 orc priests
  8 hounds
  11 iguanas
  45 orc wizards
  An orange rat (Elf:2)
  2 scorpions
  A brain worm zombie (D:13)
  2 halflings (D:1)
  A mottled dragon zombie (D:15)
  12 sheep
  A big kobold zombie (D:10)
  An ogre zombie (D:6)
  A big kobold skeleton (D:13)
  4 boggarts
  A mummy (D:15)
  2 worker ant zombies
  A hound skeleton (D:8)
  12 gnolls
  21 adders
  41 green rats
  6 lemures
  A giant centipede (D:15)
  An inept feature mimic (D:9)
  A shadow imp (Abyss:1)
  3 white imps (Lair:5)
  3 giant mites
  An ufetubus (Abyss:1)
  5 worms
  An iguana zombie (D:7)
  An adder skeleton (Abyss:1)
  4 giant eyeballs
  5 giant geckos
  2 oozes
  196 orcs
  5 giant cockroaches
  21 hobgoblins
  12 jackals
  33 kobolds
  A ball python (D:3)
  27 bats
  3 giant newts
  A gnoll skeleton (D:6)
  16 goblins
  2 goblin skeletons (Orc:4)
  A jackal skeleton (D:8)
  2 kobold zombies
  3 orc skeletons
  3 orc zombies (Orc:4)
  12 quokkas
  12 rats
  3 crawling corpses
  A fungus (Elf:3)
  6 plants
  5 starspawn tentacles (Abyss:1)
1679 creatures vanquished.

Vanquished Creatures (collateral kills)
  A tentacled starspawn (Abyss:1)
  A siren (Shoals:1)
  A deep troll earth mage (Depths:2)
  An ice statue (IceCv)
  A griffon (Shoals:1)
  A salamander (Depths:3)
  A snapping turtle (Shoals:1)
  A neqoxec (Abyss:1)
  A naga (Depths:3)
  A crawling corpse (Depths:3)
  A starspawn tentacle (Abyss:1)
11 creatures vanquished.

Vanquished Creatures (others)
  A ghost moth (Spider:5)
  A deep elf knight (Depths:3)
  A deep elf summoner (Elf:1)
  A water elemental (Shoals:1)
  3 orb spiders
  4 fire elementals
  A killer bee (Spider:2)
  A halfling (D:1)
  A giant spore (D:15)
  A bush (Lair:5)
  2 fungi
  6 starspawn tentacles (Abyss:1)
  28 starspawn tentacle segments (Abyss:1)
51 creatures vanquished.

Grand Total: 1741 creatures vanquished

Notes
Turn   | Place    | Note
--------------------------------------------------------------
     0 | D:1      | Deemzul, the Vine Stalker Fighter, began the quest for the Orb.
     0 | D:1      | Reached XP level 1. HP: 11/11 MP: 1/1
   133 | D:1      | Reached skill level 3 in Fighting
   156 | D:1      | Reached XP level 2. HP: 16/16 MP: 3/3
   774 | D:1      | Reached XP level 3. HP: 19/21 MP: 4/4
   819 | D:1      | Reached skill level 4 in Fighting
   823 | D:1      | Reached XP level 4. HP: 21/25 MP: 3/5
   975 | D:2      | Reached skill level 5 in Fighting
   996 | D:2      | Reached XP level 5. HP: 30/30 MP: 7/7
  1487 | D:3      | Noticed letownia's ghost (average DjFE)
  1497 | D:3      | Killed letownia's ghost
  1497 | D:3      | Reached skill level 6 in Fighting
  1497 | D:3      | Gained mutation: You heal very quickly. [vine stalker growth]
  1497 | D:3      | Reached XP level 6. HP: 25/36 MP: 6/8
  2243 | D:4      | Reached skill level 7 in Fighting
  2243 | D:4      | Reached XP level 7. HP: 21/42 MP: 7/9
  2284 | D:4      | Found a staircase to the Ecumenical Temple.
  2287 | D:4      | Noticed Edmund
  2353 | D:4      | Noticed Blork the orc
  2366 | D:4      | Killed Blork the orc
  2400 | D:4      | Noticed Natasha
  2407 | D:4      | Killed Natasha
  2571 | D:4      | Killed Edmund
  2571 | D:4      | Reached skill level 8 in Fighting
  2737 | D:5      | Entered Level 5 of the Dungeon
  2994 | D:5      | Gained mutation: You have razor-sharp teeth. [vine stalker growth]
  2994 | D:5      | Reached XP level 8. HP: 37/48 MP: 11/11
  3060 | D:5      | Noticed letownia's ghost (experienced DjFE)
  3068 | D:5      | Killed letownia's ghost
  3068 | D:5      | Reached skill level 9 in Fighting
  3434 | D:5      | Found a sparkling altar of Nemelex Xobeh.
  3677 | D:6      | Noticed Misa's ghost (experienced GrBe)
  3931 | D:5      | Reached skill level 10 in Fighting
  3942 | D:5      | Gained mutation: You are partially covered in large bone plates (AC +2, SH +2). [potion of beneficial mutation]
  3981 | D:6      | Killed Misa's ghost
  3981 | D:6      | Reached XP level 9. HP: 14/55 MP: 12/12
  4104 | D:6      | Reached skill level 11 in Fighting
  4800 | D:7      | Reached skill level 12 in Fighting
  5368 | D:8      | Noticed an elephant
  5374 | D:8      | Noticed an elephant
  5492 | D:7      | Reached XP level 10. HP: 63/63 MP: 13/13
  5495 | D:8      | Noticed an elephant
  5528 | D:8      | Killed an elephant
  5537 | D:8      | Killed an elephant
  5537 | D:8      | Reached skill level 13 in Fighting
  5544 | D:8      | Found a staircase to the Lair.
  5608 | D:8      | Found a shattered altar of Ashenzari.
  5624 | D:8      | Killed an elephant
  5756 | D:8      | Found an iron altar of Okawaru.
  6005 | D:6      | Reached skill level 14 in Fighting
  6134 | D:4      | Noticed Natasha
  6149 | D:4      | Killed Natasha
  6191 | Temple   | Entered the Ecumenical Temple
  6720 | D:8      | Became a worshipper of Warmaster Okawaru
  7281 | D:9      | Acquired Okawaru's first power
  7642 | D:9      | Reached XP level 11. HP: 70/70 MP: 15/15
  7655 | D:10     | Entered Level 10 of the Dungeon
  7961 | D:10     | Noticed a hill giant
  7969 | D:10     | Killed a hill giant
  7969 | D:10     | Reached skill level 15 in Fighting
  8435 | D:11     | Noticed a hill giant
  8443 | D:11     | Killed a hill giant
  8443 | D:11     | Reached skill level 1 in Evocations
  8496 | D:11     | Noticed a hill giant
  8668 | D:11     | Killed a hill giant
  8795 | D:11     | Noticed an eight-headed hydra
  8895 | D:11     | Killed an eight-headed hydra
  8911 | D:11     | Found a staircase to the Orcish Mines.
  9281 | Orc:1    | Entered Level 1 of the Orcish Mines
  9513 | Orc:1    | Found a dark tunnel.
  9520 | Volcano  | Entered a volcano
  9734 | Orc:1    | Reached skill level 5 in Evocations
 10185 | Orc:1    | Gained mutation: You regenerate. [vine stalker growth]
 10185 | Orc:1    | Reached XP level 12. HP: 57/77 MP: 22/22
 10827 | Orc:4    | Entered Level 4 of the Orcish Mines
 10977 | Orc:1    | You fall through a shaft!
 11135 | Lair:1   | Entered Level 1 of the Lair of Beasts
 11159 | D:8      | Reached skill level 16 in Fighting
 13824 | Lair:4   | Got a fine bronze ring
 13857 | Lair:4   | You fall through a shaft!
 13857 | Lair:5   | Found a staircase to the Shoals.
 13953 | Lair:5   | Identified the Tome of Fire
 14005 | Lair:5   | Found a hole to the Spider Nest.
 14405 | Lair:5   | Acquired Okawaru's second power
 14689 | Lair:5   | Noticed an ice dragon
 14718 | Lair:5   | Killed an ice dragon
 15488 | Lair:6   | Found a staircase to the Slime Pits.
 15573 | Lair:6   | Noticed a seven-headed hydra
 15581 | Lair:6   | Killed a seven-headed hydra
 15597 | Lair:6   | Noticed a death yak
 15598 | Lair:6   | Noticed a death yak
 15598 | Lair:6   | Noticed a death yak
 15599 | Lair:6   | Noticed a death yak
 15608 | Lair:6   | Killed a death yak
 15623 | Lair:6   | Killed a death yak
 15627 | Lair:6   | Killed a death yak
 15627 | Lair:6   | Reached XP level 13. HP: 47/83 MP: 26/26
 15632 | Lair:6   | Killed a death yak
 15915 | Lair:6   | Identified the ring of Vulyext {rC+ Str+4 Dex+3} (You found it on level 4 of the Lair of Beasts)
 16130 | Lair:7   | Received a gift from Okawaru
 16357 | Lair:7   | Found a labyrinth entrance.
 16377 | Lair:7   | Reached skill level 5 in Shields
 16399 | Lab      | Entered a labyrinth
 16586 | Lab      | Found an exit through the horrors of the Abyss.
 16752 | Lab      | Noticed a minotaur
 16839 | Lab      | Killed a minotaur
 17204 | Lair:7   | Reached skill level 5 in Armour
 17478 | Lair:8   | Entered Level 8 of the Lair of Beasts
 17685 | Lair:8   | Reached skill level 5 in Polearms
 17811 | Lair:8   | Found a frozen archway.
 17822 | Lair:8   | Received a gift from Okawaru
 17854 | IceCv    | Entered an ice cave
 18025 | Lair:8   | Reached XP level 14. HP: 66/88 MP: 22/28
 18870 | Lair:8   | Received a gift from Okawaru
 18935 | Lair:8   | Upgraded the game from 0.14-a0-2400-gb2944a8 to 0.14-a0-2432-g6b3afca
 19102 | Lair:5   | Noticed a seven-headed hydra
 19109 | Lair:5   | Killed a seven-headed hydra
 19109 | Lair:5   | Reached skill level 17 in Fighting
 19419 | Orc:4    | Noticed Josephine
 19425 | Orc:4    | Killed Josephine
 19626 | Orc:4    | Noticed an orc warlord
 19635 | Orc:4    | Noticed an orc high priest
 19645 | Orc:4    | Killed an orc warlord
 19707 | Orc:4    | Killed an orc high priest
 19791 | Orc:4    | Noticed an orc high priest
 19792 | Orc:4    | Noticed an orc high priest
 19850 | Orc:4    | Killed an orc high priest
 19850 | Orc:4    | Reached skill level 10 in Evocations
 19859 | Orc:4    | Killed an orc high priest
 19897 | Orc:4    | Noticed an orc warlord
 19950 | Orc:4    | Killed an orc warlord
 20157 | Orc:4    | Found Khicsob's Antique Armour Shop.
 20158 | Orc:4    | Found Shriungi's Antique Weapon Shop.
 20159 | Orc:4    | Found Cakuludgh's General Store.
 20159 | Orc:4    | Found Peigeb's Book Boutique.
 20274 | Orc:4    | Received a gift from Okawaru
 20444 | Orc:4    | Noticed Joseph
 20457 | Orc:4    | Killed Joseph
 20612 | Orc:4    | Noticed Grum
 20675 | Orc:4    | Killed Grum
 20996 | D:11     | Paralysed by a giant eyeball for 2 turns
 21215 | D:12     | Reached XP level 15. HP: 93/93 MP: 29/29
 21256 | D:12     | Noticed Maurice
 21262 | D:12     | Killed Maurice
 21577 | D:12     | Noticed Fannar
 21583 | D:12     | Killed Fannar
 22019 | D:13     | Received a gift from Okawaru
 22691 | D:13     | Found a portal to a secret trove of treasure.
 23049 | D:13     | Identified a +3 rod of venom (13/13) (You took it off a minotaur in a labyrinth)
 23140 | D:15     | Entered Level 15 of the Dungeon
 23611 | D:15     | Reached skill level 10 in Polearms
 23673 | D:15     | Received a gift from Okawaru
 23712 | D:15     | Identified Lehudib's Collected Works on Gliding Battle Magic
 23903 | D:15     | Noticed Urug
 23911 | D:15     | Killed Urug
 24206 | D:16     | Entered Level 16 of the Dungeon
 24331 | D:16     | Reached XP level 16. HP: 98/98 MP: 31/31
 24424 | D:16     | Received a gift from Okawaru
 24577 | D:16     | Found a staircase to the Depths.
 24867 | Depths:1 | Entered Level 1 of the Depths
 25093 | Depths:1 | Found Bracs' Armour Shop.
 25102 | Depths:1 | Got a steaming blowgun
 25103 | Depths:1 | Identified the cursed +1 blowgun of Dithmengos' Fury {speed, rN+ MR+} (You found it on level 1 of the Depths)
 25469 | Depths:1 | Found Weris' Jewellery Shop.
 25484 | Depths:1 | Found Sobav's Book Boutique.
 25565 | Depths:1 | Received a gift from Okawaru
 25655 | Depths:1 | Found Huhiofir's Book Emporium.
 25672 | Depths:1 | Found Cobirriv's Antique Weapon Shop.
 25971 | Depths:1 | Found a gateway to Hell.
 26113 | Depths:2 | Paralysed by a giant eyeball for 4 turns
 26212 | Depths:2 | Noticed a golden dragon
 26217 | Depths:2 | Noticed a tentacled monstrosity
 26269 | Depths:2 | Gained mutation: You digest meat inefficiently. [mutagenic glow]
 26455 | Depths:2 | Found Yfaskuv's Antique Armour Shoppe.
 26521 | Depths:1 | Reached XP level 17. HP: 104/104 MP: 32/32
 26544 | Depths:2 | Received a gift from Okawaru
 26572 | Depths:2 | Gained mutation: Your mind is acute. (Int +2) [potion of mutation]
 26572 | Depths:2 | Gained mutation: Your body is slowly deteriorating. [potion of mutation]
 26572 | Depths:2 | Gained mutation: Your body is deteriorating. [potion of mutation]
 26573 | Depths:2 | Gained mutation: Your muscles are strong. (Str +2) [potion of mutation]
 26573 | Depths:2 | Gained mutation: Your muscles are very strong. (Str +4) [potion of mutation]
 26573 | Depths:2 | Lost mutation: Your mind is acute. (Int +2) [potion of mutation]
 26737 | Depths:2 | Paralysed by a giant eyeball for 3 turns
 26752 | Depths:2 | Paralysed by a giant eyeball for 3 turns
 26758 | Depths:2 | Paralysed by a giant eyeball for 3 turns
 26762 | Depths:2 | Paralysed by a giant eyeball for 2 turns
 26848 | Depths:2 | Reached skill level 10 in Shields
 26911 | Depths:2 | Paralysed by a giant eyeball for 3 turns
 26918 | Depths:2 | Paralysed by a giant eyeball for 4 turns
 26924 | Depths:2 | Paralysed by a giant eyeball for 4 turns
 26937 | Depths:2 | Noticed a golden dragon
 26937 | Depths:2 | Noticed a golden dragon
 26937 | Depths:2 | Noticed a tengu reaver
 26967 | Depths:2 | Noticed a tentacled monstrosity
 27035 | Depths:2 | Reached skill level 18 in Fighting
 27045 | Depths:2 | Received a gift from Okawaru
 27915 | Orc:3    | Found a staircase to the Elven Halls.
 27944 | Elf:1    | Entered Level 1 of the Elven Halls
 28453 | Elf:3    | Entered Level 3 of the Elven Halls
 28636 | Elf:3    | Noticed a deep elf blademaster
 28654 | Elf:3    | Killed a deep elf blademaster
 28654 | Elf:3    | Received a gift from Okawaru
 28698 | Elf:3    | Cast into the Abyss (deep elf demonologist)
 28956 | Abyss:1  | Reached XP level 18. HP: 109/109 MP: 34/34
 29013 | Abyss:1  | Gained mutation: You are frail (-10% HP). [a neqoxec]
 29043 | Abyss:1  | Found a radiant altar of Vehumet.
 29123 | Abyss:1  | Noticed a bone dragon
 29144 | Abyss:1  | Killed a bone dragon
 29162 | Abyss:1  | Noticed a lich
 29171 | Abyss:1  | Killed a lich
 29171 | Abyss:1  | Reached skill level 10 in Armour
 29351 | Abyss:1  | Noticed a Hell Sentinel
 29363 | Abyss:1  | Killed a Hell Sentinel
 29578 | Abyss:1  | Noticed a bone dragon
 29592 | Abyss:1  | Killed a bone dragon
 29960 | Elf:3    | Escaped the Abyss
 30040 | Elf:3    | Noticed Norris
 30057 | Elf:3    | Killed Norris
 30113 | Elf:3    | Noticed a deep elf master archer
 30126 | Elf:3    | Killed a deep elf master archer
 30138 | Elf:3    | Received a gift from Okawaru
 30250 | Elf:3    | Got a steaming lapis lazuli ring
 30252 | Elf:3    | Identified the ring of Xom's Whimsicality {rF+ rC+ Stlth+} (You found it on level 3 of the Elven Halls)
 30357 | Elf:3    | Noticed a deep elf master archer
 30370 | Elf:3    | Reached XP level 19. HP: 49/102 MP: 17/35
 30371 | Elf:3    | Killed a deep elf master archer
 30495 | Elf:3    | Identified Yxtiexall's Papyrus of Hexes (You found it on level 3 of the Elven Halls)
 30502 | Elf:3    | Noticed a deep elf blademaster
 30517 | Elf:3    | Killed a deep elf blademaster
 30970 | Elf:3    | Identified a +4 rod of inaccuracy (11/11) (You took it off Norris on level 3 of the Elven Halls)
 31507 | Lair:7   | Got a fine plate armour
 31530 | Lair:7   | Identified the cursed -3 plate armour of the Trees {Dex-3 Int+1} (You found it on level 7 of the Lair of Beasts)
 31689 | Lair:5   | Noticed a death yak
 31691 | Lair:5   | Noticed a death yak
 31698 | Lair:5   | Killed a death yak
 31702 | Lair:5   | Killed a death yak
 31708 | Lair:5   | Noticed a death yak
 31709 | Lair:5   | Noticed a death yak
 31717 | Lair:5   | Killed a death yak
 31723 | Lair:5   | Killed a death yak
 31742 | Shoals:1 | Entered Level 1 of the Shoals
 31934 | Spider:1 | Entered Level 1 of the Spider Nest
 32062 | Spider:1 | Received a gift from Okawaru
 32070 | Spider:1 | Noticed Maud
 32082 | Spider:1 | Killed Maud
 32443 | Spider:2 | Noticed Nessos
 32463 | Spider:2 | Killed Nessos
 32463 | Spider:2 | Reached skill level 15 in Polearms
 32754 | Spider:2 | Upgraded the game from 0.14-a0-2432-g6b3afca to 0.14-a0-2443-g5aee772
 33271 | Spider:4 | Noticed Arachne
 33294 | Spider:4 | Killed Arachne
 33447 | Spider:5 | Entered Level 5 of the Spider Nest
 33627 | Spider:5 | Received a gift from Okawaru
 34428 | Spider:5 | Reached XP level 20. HP: 108/108 MP: 36/36
 34626 | Spider:5 | Received a gift from Okawaru
 34739 | Spider:5 | Got a gossamer rune of Zot
 35565 | Depths:3 | Found a gateway to a ziggurat.
 35600 | Depths:3 | Found a shadowy altar of Dithmengos.
 35736 | Depths:3 | Reached skill level 19 in Fighting
 35921 | Depths:3 | Lost mutation: Your muscles are very strong. (Str +4) [potion of mutation]
 35921 | Depths:3 | Gained mutation: Your body is rapidly deteriorating. [potion of mutation]
 35933 | Depths:3 | Found a white marble altar of Elyvilon.
 36004 | Depths:3 | Paralysed by a potion of paralysis for 4 turns
 36055 | Depths:3 | HP: 3/108 [spriggan air mage/zap (3)]
 36064 | Depths:2 | HP: 5/108 [poisoned by a naga (splash of poison)]
 36244 | Depths:3 | Received a gift from Okawaru
 36252 | Depths:3 | Killed from afar by a quicksilver dragon

Action                   |  1- 3 |  4- 6 |  7- 9 | 10-12 | 13-15 | 16-18 | 19-21 || total
-------------------------+-------+-------+-------+-------+-------+-------+-------++-------
Melee: Trident           |    89 |   185 |    65 |       |       |       |       ||   339
       Flail             |       |       |   285 |   758 |       |       |       ||  1043
       Demon trident     |       |       |       |   269 |  1210 |   918 |   958 ||  3355
       Bastard sword     |       |       |       |       |    11 |       |       ||    11
 Fire: Blowgun           |       |       |       |       |       |       |     4 ||     4
Invok: Heroism           |       |       |       |       |     1 |       |       ||     1
Evoke: Wand              |       |       |     2 |    11 |     8 |     7 |     1 ||    29
       Lamp of fire      |       |       |       |       |     2 |     3 |     2 ||     7
       Rod               |       |       |       |       |       |    14 |    19 ||    33
       Phial of floods   |       |       |       |       |       |       |     2 ||     2
  Use: Potion            |       |       |     6 |     5 |     5 |     3 |     2 ||    21
       Scroll            |       |       |    11 |    12 |    10 |    13 |    13 ||    59
 Stab: Distracted        |     2 |       |       |       |       |       |     2 ||     4
       Confused          |       |       |       |       |       |     6 |       ||     6
